 Dungeon Crawl Stone Soup version 0.31-a0-233-g139696dc86 (webtiles) character file.

Game seed: 16172845635397623863

65 qw the Shooter (level 3, -1/28 (29) HPs)
             Began as a Minotaur Hexslinger on July 9, 2023.
             Slain by an orc priest
             ... wielding a +2 flail of venom
              (4 damage)
             ... on level 3 of the Dungeon.
             The game lasted 00:00:40 (1588 turns).

qw the Shooter (Minotaur Hexslinger)                Turns: 1588, Time: 00:00:41

HP:   -1/28 (29)    AC:  5    Str: 12    XL:     3   Next: 94%
MP:   3/3           EV: 11    Int: 10    God:
Gold: 230           SH:  0    Dex: 14    Spells: 3/4 levels left

rFire   . . .        c - +1 sling (drain)
rCold   . . .        (no shield)
rNeg    + . .        f - +0 ring mail
rPois   .            (helmet restricted)
rElec   .            (no cloak)
rCorr   .            (no gloves)
SInv    .            (no boots)
Will    .....        (no amulet)
Stlth   +            b - ring of positive energy
HPRegen 0.24/turn    (no ring)
MPRegen 0.08/turn

%: no passive effects
@: lethally poisoned (-1 -> -4), lightly drained
A: horns 2, retaliatory headbutt
a: no special abilities


You were on level 3 of the Dungeon.
You visited 1 branch of the dungeon, and saw 3 of its levels.

You collected 230 gold pieces.


Innate Abilities, Weirdness & Mutations

You have a pair of horns on your head.
You reflexively headbutt those who attack you in melee.


   Skills:
 - Level 2.0 Fighting
 + Level 4.3 Ranged Weapons
 - Level 1.0 Armour
 - Level 2.1 Dodging
 - Level 1.0 Spellcasting
 - Level 2.0 Hexes


You had 3 spell levels left.
You knew the following spells:

 Your Spells              Type           Power      Damage    Failure   Level
a - Slow                  Hex            16%        N/A       34%         1

Your spell library contained the following spells:

 Spells                   Type           Power      Damage    Failure   Level
 Inner Flame              Hex/Fire       2%         N/A       83%         3
 Portal Projectile        Hex/Tloc       4%         N/A       83%         3
 Cause Fear               Hex            2%         N/A       98%         4

Inventory:

Hand Weapons
 c - a +1 sling of draining (weapon)
Armour
 f - a +0 ring mail (worn)
Jewellery
 b - a ring of positive energy (left hand)
Scrolls
 a - 2 scrolls of identify
 j - a scroll of immolation {unknown}
Potions
 d - a potion of degeneration {unknown}
 e - a potion of heal wounds {unknown}
 g - 2 potions of enlightenment {unknown}
 h - a potion of lignification {unknown}
 i - a potion of berserk rage {unknown}

Dungeon Overview and Level Annotations

Branches:
Dungeon (3/15)

Altars:


Message History

You now have 204 gold pieces (gained 15).
You now have 216 gold pieces (gained 12).
You now have 223 gold pieces (gained 7).
You now have 230 gold pieces (gained 7).
An orc priest comes into view. It is wielding a +2 flail of venom.
The orc priest shouts!
You hear a shout!
A hobgoblin comes into view.
Enter note:
Enter note: You shoot a sling bullet.
The hobgoblin shouts!
The sling bullet hits the hobgoblin.
You drain the hobgoblin.
The hobgoblin is almost dead.
You hear a shout!
You shoot a sling bullet. The sling bullet hits the hobgoblin.
You kill the hobgoblin!
You shoot a sling bullet. The sling bullet hits the orc priest.
The orc priest is moderately wounded.
The orc priest calls down the wrath of Beogh upon you.
Beogh smites you!
You shoot a sling bullet.
The sling bullet closely misses the orc priest.
An orc comes into view. It is wielding a +0 morningstar.
You shoot a sling bullet. The orc shouts!
The sling bullet hits the orc priest.
The orc priest is severely wounded.
An orc comes into view. It is wielding a +0 whip.
The orc priest hits you with a +2 flail of venom!
You are poisoned.
You shoot a sling bullet.
The sling bullet closely misses the orc priest.
The orc shouts!
You feel sick.
The orc priest hits you with a +2 flail of venom.
You shoot a sling bullet.
The sling bullet barely misses the orc priest.
You feel sick.
The orc priest hits you with a +2 flail of venom.
You die...

. #o ##.# .# #..o
...# #.... #...#
#....########...#
#....o......#...#####
#@..............
.##.#...}...........
..............^.....
#.##.#......#...##
.....#........#
###.########.:.# #.
#...# # #...# ##.##


You could see an orc priest and 2 orcs.

Vanquished Creatures
  An adder (D:1)
  2 worms (D:2)
  2 dart slugs (D:2)
  2 endoplasms (D:1)
  3 giant cockroaches
  6 goblins
  6 hobgoblins
  2 kobolds
  2 quokkas
  5 ball pythons
  5 bats
  5 frilled lizards
  4 rats
45 creatures vanquished.

Notes
Turn   | Place    | Note
-------+----------+-------------------------------------------
     0 | D:1      | qw the Minotaur Hexslinger began the quest for the Orb.
     0 | D:1      | Reached XP level 1. HP: 16/16 MP: 1/1
     0 | D:1      | 0 ||| qw: Version: 0.3-a-51-g015441d
     0 | D:1      | 0 ||| qw: Game counter: 4005
     0 | D:1      | 0 ||| qw: Melee chars always use a shield: true
     0 | D:1      | 0 ||| qw: God list: Okawaru
     0 | D:1      | 0 ||| qw: Allow faded altars: false
     0 | D:1      | 0 ||| qw: Do Orc after clearing Dungeon:15 true
     0 | D:1      | 0 ||| qw: Do second Lair branch before Depths: true
     0 | D:1      | 0 ||| qw: Lair rune preference: random
     0 | D:1      | 0 ||| qw: Goals: Normal
     0 | D:1      | 0 ||| PLANNING D:1-11
   136 | D:1      | Reached skill level 3 in Ranged Weapons
   140 | D:1      | Reached XP level 2. HP: 23/23 MP: 2/2
   467 | D:1      | Found a faded altar of an unknown god.
   847 | D:1      | 847 ||| UPGRADING to +0 ring mail.
   857 | D:1      | 857 ||| DROPPING +0 robe.
   858 | D:1      | 858 ||| DROPPING ring of wizardry.
   859 | D:1      | 859 ||| READING 2 scrolls labelled KUTENI YBLEM.
   860 | D:1      | 860 ||| READING scroll labelled YGRUSY CAYTZER.
   861 | D:1      | 861 ||| DROPPING scroll of poison.
   883 | D:2      | 883 ||| STAIRDANCE
   893 | D:1      | Reached XP level 3. HP: 10/29 MP: 3/3
  1076 | D:2      | Reached skill level 4 in Ranged Weapons
  1117 | D:2      | Reached skill level 1 in Armour
  1139 | D:2      | 1139 ||| FLEEEEING.
  1140 | D:2      | 1140 ||| FLEEEEING.
  1141 | D:2      | 1141 ||| FLEEEEING.
  1142 | D:2      | 1142 ||| FLEEEEING.
  1143 | D:2      | 1143 ||| FLEEEEING.
  1144 | D:2      | 1144 ||| FLEEEEING.
  1145 | D:2      | 1145 ||| FLEEEEING.
  1146 | D:2      | 1146 ||| FLEEEEING.
  1151 | D:2      | 1151 ||| STAIRDANCE
  1178 | D:1      | 1178 ||| UPGRADING to ring of positive energy.
  1179 | D:1      | 1179 ||| READING scroll labelled UKLULE FIHOID.
  1180 | D:1      | 1180 ||| READING scroll labelled TOCROITIZU.
  1181 | D:1      | 1181 ||| READING scroll labelled XANLUYGHUN.
  1198 | D:2      | 1198 ||| SWAPPING to +1 sling of draining.
  1199 | D:2      | 1199 ||| DROPPING +1 sling.
  1587 | D:3      | HP: 4/28 [orc priest/+2 flail of venom (6)]
  1588 | D:3      | Slain by an orc priest

Levels and vault maps discovered:
D:1:      matt_arrival_grand_opening, layout_loops_ring,
          chequers_ecumenical_altar_twisty, minmay_misc_feat_chi
D:2:      layout_basic
D:3:      layout_loops_cross, slow_altar_2, gammafunk_temple_overflow_elements,
          dreamdust_wishing_well, minmay_misc_feat_hallway, uniq_terence

Skill      XL: |  1  2  3 |
---------------+----------+-----
Ranged Weapons | 3 4 |  4.3
Fighting       | 2 |  2.0
Armour         | 1 |  1.0
Dodging        | |  2.1
Spellcasting   | |  1.0
Hexes          | |  2.0

Action                     || total
---------------------------++-------
   Fire: Sling             ||   139
    Use: Scroll            ||     5
 Armour: Robe              ||     5
         Ring mail         ||    17
  Dodge: Dodged            ||    26

Table legend:
 A = Non-vault XP
 B = Vault XP
 C = Vault XP percentage of total XP
 D = Non-vault monster count
 E = Vault monster count
 F = Vault count percentage of total count
                 A         B        C        D         E       F
            +---------+---------+-------+---------+---------+-------
      Total |      94 |       0 |   0.0 |      45 |       0 |   0.0
            +---------+---------+-------+---------+---------+-------
        D:1 |      50 |       0 |   0.0 |      23 |       0 |   0.0
        D:2 |      40 |       0 |   0.0 |      19 |       0 |   0.0
        D:3 |       4 |       0 |   0.0 |       3 |       0 |   0.0
            +---------+---------+-------+---------+---------+-------
